 Dungeon Crawl Stone Soup version 0.13.0-19-g8e0b589 (webtiles) character file.

18743 Kejsarherre the Shatterer (level 12, -5/117 HPs)
             Began as an Ogre Hunter on Oct 24, 2013.
             Was an Elder of the Shining One.
             Rolled over by a boulder beetle (45 damage)
             ... on Level 3 of the Lair of Beasts.
             The game lasted 00:54:30 (15185 turns).

Kejsarherre the Shatterer (Ogre Hunter)            Turns: 15185, Time: 00:54:30

HP  -5/117       AC  7     Str 24      XL: 12   Next: 58%
MP  15/15        EV 10     Int 13      God: the Shining One [****..]
Gold 294         SH  0     Dex 10      Spells:  0 memorised, 13 levels left

Res.Fire  : . . .   See Invis. : .   v - +1,+2 giant spiked club
Res.Cold  : + . .   Warding    : .   y - +1 robe {rC+}
Life Prot.: + + .   Conserve   : .   (shield restricted)
Res.Poison: +       Res.Corr.  : .   c - +2 cap {Int+3}
Res.Elec. : .       Clarity    : .   B - +0 cloak
Sust.Abil.: . .     Spirit.Shd : .   (gloves unavailable)
Res.Mut.  : .       Stasis     : .   (boots unavailable)
Res.Rott. : .       Flight     : .   (no amulet)
Saprovore : + . .                    (no ring)
                                     F - ring of poison resistance

@: glowing, somewhat resistant to hostile enchantments, very unstealthy
A: unfitting armour, fast metabolism 1, saprovore 1, tough skin 1
a: Divine Shield, Cleansing Flame, Renounce Religion


You were on level 3 of the Lair of Beasts.
You worshipped the Shining One. the Shining One was greatly pleased with you.
You were near starving.

You visited 3 branches of the dungeon, and saw 17 of its levels.
You also visited: Labyrinth.

You collected 706 gold pieces.
You spent 432 gold pieces at shops.

Inventory:

Hand weapons
 v - a +1,+2 giant spiked club (weapon)
Armour
 c - a +2 cap of intelligence (worn)
 y - a +1 robe of cold resistance (worn)
 B - a +0 cloak (worn)
Magical devices
 d - a wand of disintegration (10)
 e - a wand of disintegration (6)
 l - a wand of fire (6)
 n - a wand of cold (4)
 E - a wand of fireball (1)
 J - a wand of cold (7)
Comestibles
 f - 7 meat rations
 s - a choko
 C - 2 pears
 D - a slice of pizza
 G - an apple
Scrolls
 g - 5 scrolls of amnesia
 k - a scroll of blinking
 o - 2 scrolls of magic mapping
 r - 6 scrolls of remove curse
 x - 2 scrolls of fog
 z - 2 scrolls of teleportation
Jewellery
 u - an uncursed ring of ice
 F - a ring of poison resistance (left hand)
Potions
 b - 7 potions of curing
 j - 2 potions of heal wounds
 q - 2 potions of agility
 A - 4 potions of resistance
 H - 2 potions of might
 I - 4 potions of restore abilities
 K - a potion of berserk rage


   Skills:
 + Level 9.1 Fighting
 - Level 22.0 Maces & Flails
 - Level 4.3 Throwing
 - Level 1.7 Dodging
 - Level 0.7 Stealth
 * Level 1.3 Spellcasting


You had 13 spell levels left.
You didn't know any spells.

Dungeon Overview and Level Annotations

Branches:
Dungeon (13/27)            Temple (1/1) D:4             Orc (0/4) D:11
   Lair (3/8) D:9
  Swamp: Lair:3-6    Shoals: Lair:3-6     Snake: Lair:3-6    Spider: Lair:3-6

Altars:
Ashenzari
Cheibriados
Elyvilon
Fedhas
Kikubaaqudgha
Makhleb
Nemelex Xobeh
Okawaru
Sif Muna
Trog
Vehumet
Xom
Zin
the Shining One

Shops:
D:6 *   D:10 =}/   D:11 (   D:12 }*

Annotations:
D:12 exclusion: downstairs


Innate Abilities, Weirdness & Mutations

You are too large for most types of armour.
You have a fast metabolism.
You can tolerate rotten meat.
You have tough skin (AC +1).


Message History

The boulder beetle waves its antennae.
The boulder beetle curls into a ball and starts rolling!
You bludgeon the iguana!!
You kill the iguana!
You see here an iguana corpse.
The boulder beetle hits a rock wall.
The boulder beetle stops rolling.
You see here an iguana corpse.
You hit the boulder beetle but do no damage.
The boulder beetle bites you!
You sock the boulder beetle!
The boulder beetle is lightly wounded.
You bludgeon the boulder beetle!!
The boulder beetle is heavily wounded.
The boulder beetle bites you!
* * * LOW HITPOINT WARNING * * *
You hit the boulder beetle.
The boulder beetle is heavily wounded.
The boulder beetle curls into a ball and starts rolling!
The boulder beetle smashes into you!
You die...

#.. #....(.... #..#
#...(..... ...
#..(....... ..
##.....?.... #.###
#f.......... #...
###..........
##..####............
#P.<§B#...##.....(..
###..#@....#####..#
#...#..#### ##
##....#.# #...####
#..## .P..# ....##
...... ####


You could see a boulder beetle.

Vanquished Creatures
  A minotaur (Lab)
  The ghost of oinker the Summoner, a powerful GrWz of Sif Muna (Lair:2)
  2 unseen horrors
  2 hill giants (D:11)
  A cyclops (D:12)
  A moth of wrath (D:5)
  3 spiny frogs
  2 two-headed ogres
  2 trolls
  3 blink frogs (Lair:2)
  A hydra skeleton (D:10)
  A catoblepas skeleton (D:11)
  6 slime creatures
  A basilisk (Lair:2)
  5 sharks (D:10)
  2 hippogriffs (D:10)
  A wyvern (D:6)
  A hungry ghost (D:9)
  2 hill giant skeletons
  3 yaks (D:11)
  3 sky beasts
  A soldier ant (D:10)
  A porcupine (Lair:2)
  2 orc warriors
  A necrophage (D:12)
  3 ice beasts
  4 phantoms
  6 giant goldfish
  5 ogres
  12 centaurs
  2 boring beetles
  Duvessa (D:6)
  3 crocodiles
  A big kobold (D:10)
  7 giant frogs
  3 giant slugs
  A gnoll sergeant (D:9)
  An agate snail (Lair:1)
  A cyclops zombie (D:12)
  A water moccasin (D:5)
  A manticore skeleton (D:9)
  6 jellyfish (D:7)
  6 killer bees (D:8)
  9 wights
  A troll skeleton (D:12)
  3 electric eels
  4 goliath beetles
  Dowan (D:6)
  A giant frog zombie (D:12)
  4 crimson imps
  9 hounds
  4 jellies
  4 big fish
  7 orc priests
  10 iguanas
  A water moccasin skeleton (D:4)
  A killer bee zombie (D:10)
  3 scorpions
  4 worker ants
  13 orc wizards
  An ogre skeleton (D:5)
  A hound zombie (D:10)
  A mummy (D:11)
  16 adders
  16 gnolls
  4 giant centipedes
  35 green rats
  A worm zombie (D:6)
  A giant mite (D:10)
  4 worms
  2 giant eyeballs
  14 giant geckos
  40 orcs
  13 bats
  5 giant cockroaches
  14 goblins
  19 hobgoblins
  13 jackals
  26 kobolds
  10 quokkas
  A ball python (D:2)
  A giant gecko skeleton (D:9)
  9 giant newts
  A goblin skeleton (D:3)
  2 orc skeletons
  An orc zombie (D:7)
  18 rats
  A rat zombie (D:5)
  2 plants (D:10)
464 creatures vanquished.

Vanquished Creatures (others)
  An electric eel (D:7)
1 creature vanquished.

Grand Total: 465 creatures vanquished

Notes
Turn   | Place    | Note
--------------------------------------------------------------
     0 | D:1      | Kejsarherre, the Ogre Hunter, began the quest for the Orb.
     0 | D:1      | Reached XP level 1. HP: 20/20 MP: 0/0
    97 | D:1      | Reached XP level 2. HP: 4/28 MP: 1/1
   488 | D:1      | Reached XP level 3. HP: 32/36 MP: 2/2
   955 | D:2      | Found a sparkling altar of Nemelex Xobeh.
  1024 | D:2      | Reached XP level 4. HP: 26/44 MP: 3/3
  1531 | D:3      | Reached skill level 5 in Maces & Flails
  1960 | D:3      | Reached XP level 5. HP: 27/52 MP: 4/4
  2329 | D:3      | Reached skill level 6 in Maces & Flails
  2818 | D:4      | Noticed an ogre
  2876 | D:4      | Reached XP level 6. HP: 51/61 MP: 5/5
  2881 | D:4      | Noticed an ogre
  2920 | D:4      | Killed an ogre
  2920 | D:4      | Reached skill level 7 in Maces & Flails
  3004 | D:4      | Reached skill level 8 in Maces & Flails
  3290 | D:4      | Killed an ogre
  3290 | D:4      | Reached skill level 9 in Maces & Flails
  3290 | D:4      | Reached XP level 7. HP: 45/67 MP: 6/6
  3439 | D:4      | Found a staircase to the Ecumenical Temple.
  3457 | Temple   | Entered the Ecumenical Temple
  3816 | Temple   | Became a worshipper of the Shining One
  3894 | D:4      | Noticed a phantom
  3918 | D:4      | Killed a phantom
  4165 | D:4      | Reached skill level 10 in Maces & Flails
  4454 | D:5      | Entered Level 5 of the Dungeon
  4802 | D:5      | Reached XP level 8. HP: 76/76 MP: 7/7
  4803 | D:5      | Reached skill level 11 in Maces & Flails
  4870 | D:5      | Acquired the Shining One's first power
  5247 | D:5      | Reached skill level 12 in Maces & Flails
  5312 | D:5      | Noticed a moth of wrath
  5315 | D:5      | Found a bloodstained altar of Trog.
  5395 | D:5      | Killed a moth of wrath
  5395 | D:5      | Reached skill level 13 in Maces & Flails
  5687 | D:6      | Reached XP level 9. HP: 62/83 MP: 8/8
  5873 | D:6      | Reached skill level 14 in Maces & Flails
  5898 | D:6      | Noticed Duvessa
  5898 | D:6      | Noticed Dowan
  5914 | D:6      | Killed Duvessa
  5941 | D:6      | Killed Dowan
  6279 | D:6      | Found Vyacijicw's General Store.
  6287 | D:6      | Bought a potion of magic for 91 gold pieces
  6287 | D:6      | Bought a scroll of noise for 13 gold pieces
  6852 | D:7      | Reached skill level 15 in Maces & Flails
  7320 | D:7      | Reached skill level 16 in Maces & Flails
  7860 | D:8      | Reached XP level 10. HP: 66/92 MP: 9/9
  8256 | D:8      | Reached skill level 17 in Maces & Flails
  8532 | D:9      | Found a burning altar of Makhleb.
  8587 | D:9      | Acquired the Shining One's second power
  9028 | D:9      | Found a staircase to the Lair.
  9069 | D:9      | Reached skill level 18 in Maces & Flails
  9097 | D:9      | Identified a scroll of acquirement
  9406 | D:10     | Entered Level 10 of the Dungeon
  9416 | D:10     | Found Waacs' Gadget Shoppe.
  9425 | D:10     | Found Xolepoek's Jewellery Shop.
  9437 | D:10     | Bought an uncursed ring of poison resistance for 240 gold pieces
  9448 | D:10     | Paralysed by you for 3 turns
 10056 | D:10     | Reached skill level 19 in Maces & Flails
 10056 | D:10     | Reached XP level 11. HP: 44/98 MP: 10/10
 10185 | D:10     | Found Ycunigoh's Magical Wand Emporium.
 10786 | D:11     | Noticed a hill giant
 10792 | D:11     | Killed a hill giant
 10857 | D:11     | Reached skill level 20 in Maces & Flails
 11218 | D:11     | Noticed a hill giant
 11222 | D:11     | Killed a hill giant
 11276 | D:11     | Found Clacs' Weapon Shop.
 11295 | D:11     | Noticed an unseen horror
 11300 | D:11     | Killed an unseen horror
 11494 | D:11     | Found a staircase to the Orcish Mines.
 11496 | D:11     | Paralysed by a giant eyeball for 4 turns
 11903 | D:12     | Found Viedgh Nozott's Gadget Boutique.
 12064 | D:12     | Reached skill level 21 in Maces & Flails
 12159 | D:12     | Found Aruompif's General Store.
 12163 | D:12     | Bought a scroll of recharging for 88 gold pieces
 12370 | D:12     | Reached XP level 12. HP: 73/107 MP: 11/11
 12428 | D:12     | Noticed an unseen horror
 12429 | D:12     | Killed an unseen horror
 12832 | Lair:1   | Entered Level 1 of the Lair of Beasts
 13044 | Lair:1   | Reached skill level 22 in Maces & Flails
 13559 | Lair:2   | Found a labyrinth entrance.
 13568 | Lab      | Entered a labyrinth
 13744 | Lab      | Noticed a minotaur
 13750 | Lab      | Killed a minotaur
 13765 | Lair:2   | Identified a +2 rod of striking (6/6) (You found it in a labyrinth)
 13766 | Lair:2   | Identified a cursed +4 rod of venom (14/14) (You found it in a labyrinth)
 13776 | Lair:2   | Noticed oinker's ghost (powerful GrWz)
 13781 | Lair:2   | Killed oinker's ghost
 14872 | Lair:1   | Reached skill level 1 in Spellcasting
 14929 | Lair:3   | Acquired the Shining One's third power
 15185 | Lair:3   | Rolled over by a boulder beetle

Action                   |  1- 3 |  4- 6 |  7- 9 | 10-12 || total
-------------------------+-------+-------+-------+-------++-------
Melee: Club              |    81 |   124 |       |       ||   205
       Flail             |       |    55 |   229 |     9 ||   293
       Giant spiked club |       |       |    51 |   514 ||   565
       Unarmed           |       |       |    10 |       ||    10
 Fire: Blowgun           |       |     5 |       |       ||     5
Throw: Large rock        |    24 |    37 |    91 |   147 ||   299
       Throwing net      |     1 |     2 |       |       ||     3
Evoke: Wand              |       |       |     2 |     6 ||     8
  Use: Potion            |       |       |     4 |     5 ||     9
       Scroll            |       |       |     9 |    25 ||    34
 Stab: Sleeping          |     1 |     1 |       |       ||     2
